 Seeded DCSS version 0.29.1-12-g30fa7ad0bf (webtiles) character file.

Game seed: 9845822215292249863 (custom seed)

29663 OTABOTABOTAB the Martial Artist (level 13, 0/100 HPs)
             Began as a Gnoll Transmuter on Jan 10, 2023.
             Was a Priest of Cheibriados.
             Slain by an orc knight
             ... wielding a +0 bardiche
              (31 damage)
             ... on level 2 of the Orcish Mines on Jan 11, 2023.
             The game lasted 00:21:10 (10935 turns).

OTABOTABOTAB the Martial Artist (Gnoll Transmuter) Turns: 10935, Time: 00:21:11

Health: 0/100      AC:  2    Str: 20    XL:     13   Next: 46%
Magic:  7/26       EV: 35    Int: 21    God:    Cheibriados [***...]
Gold:   2640       SH:  5    Dex: 25    Spells: 21/31 levels left

rFire   . . .      SeeInvis +     - Unarmed
rCold   . . .      Faith    .   (shield currently unavailable)
rNeg    . . .      Spirit   .   (body armour currently unavailable)
rPois   .          Reflect  +   (helmet currently unavailable)
rElec   .          Harm     .   (cloak currently unavailable)
rCorr   .          Rampage  .   (gloves currently unavailable)
Will    +....                   (boots currently unavailable)
Stlth   ++++......              m - amulet of Keobecso {Reflect rPois Slay+3 SH+5 SInv Stlth-}
HPRegen 0.26/turn               W - ring of willpower
MPRegen 0.20/turn               a - +4 ring of evasion

@: spider-form, very slow
A: venomous fangs, tiny, (fangs 1), strong nose, distributed training
a: End Transformation, Renounce Religion, Bend Time, Temporal Distortion


You were on level 2 of the Orcish Mines.
You worshipped Cheibriados.
Cheibriados was most pleased with you.
You were a venomous arachnid creature.
You visited 3 branches of the dungeon, and saw 14 of its levels.

You collected 2640 gold pieces.

Inventory:

Hand Weapons
 l - a +8 arbalest of freezing (melded)
   (You acquired it on level 1 of the Dungeon)
Missiles
 i - 58 poisoned darts
 k - 2 curare-tipped darts
 n - 14 boomerangs
 r - 4 javelins
 s - 119 stones
 T - a boomerang of dispersal {=f}
 U - 3 silver boomerangs
Armour
 c - a +2 pair of boots (melded)
   (You found it on level 2 of the Dungeon)
 o - a +0 helmet (melded)
   (You found it on level 5 of the Dungeon)
 x - the +4 robe of Augmentation (melded) {Str+4 Int+4 Dex+4}
   (You found it on level 3 of the Dungeon)

   Str:       It affects your strength (+4).
   Int:       It affects your intelligence (+4).
   Dex:       It affects your dexterity (+4).
 I - a +0 pair of gloves (melded)
   (You found it on level 8 of the Dungeon)
Magical Staves
 d - a staff of conjuration
   (You found it on level 1 of the Dungeon)
 A - a staff of fire {rF+}
   (You found it on level 10 of the Dungeon)
Jewellery
 a - a +4 ring of evasion (right front leg)
   (You found it on level 7 of the Dungeon)
 b - an amulet of faith
   (You took it off a kobold on level 9 of the Dungeon)
 f - a ring of fire {rF+, rC-}
   (You found it on level 9 of the Dungeon)
 h - an amulet of the acrobat
   (You found it on level 1 of the Dungeon)
 m - the amulet of Keobecso (around neck) {Reflect rPois Slay+3 SH+5 SInv Stlth-}
   (You acquired it on level 1 of the Dungeon)

   [amulet of reflection]

   It reflects blocked missile attacks.
   Slay:      It affects your accuracy & damage with ranged weapons and melee
   (+3).
   rPois:     It protects you from poison.
   SInv:      It lets you see invisible.
   SH:        It affects your SH (+5).
   Stlth:     It makes you less stealthy.
 p - an amulet of regeneration
   (You found it on level 10 of the Dungeon)
 z - an amulet of magic regeneration
   (You found it on level 4 of the Dungeon)
 C - an amulet of guardian spirit
   (You took it off an orc on level 5 of the Dungeon)
 K - a +6 ring of strength
   (You took it off an orc on level 10 of the Dungeon)
 Q - a ring of positive energy {rN+}
   (You found it on level 10 of the Dungeon)
 W - a ring of willpower (left front leg)
   (You found it on level 1 of the Dungeon)
Wands
 j - a wand of polymorph (11)
   (You found it on level 6 of the Dungeon)
 y - a wand of mindburst (10)
   (You took it off an orc on level 4 of the Dungeon)
 F - a wand of light (4)
   (You found it on level 8 of the Dungeon)
Scrolls
 e - 2 scrolls of enchant armour
 g - 6 scrolls of amnesia
 q - a scroll of poison
 u - 2 scrolls of butterflies
 E - 2 scrolls of fear
 X - a scroll of magic mapping {@r4!r}
 Y - 5 scrolls of teleportation {@r3}
Potions
 t - a potion of might
 B - 2 potions of brilliance
 G - a potion of ambrosia {!q}
 H - a potion of haste
 J - 5 potions of curing {@q1}
 L - a potion of flight
 M - 3 potions of magic
 P - 3 potions of lignification {!q}
 R - a potion of resistance


   Skills:
 + Level 8.8 Fighting
 + Level 8.4 Short Blades
 + Level 8.4 Long Blades
 + Level 8.4 Axes
 + Level 8.4 Maces & Flails
 + Level 8.4 Polearms
 + Level 8.4 Staves
 + Level 8.4 Ranged Weapons
 + Level 8.4 Throwing
 + Level 8.4 Armour
 + Level 9.6 Dodging
 + Level 8.4 Stealth
 + Level 8.4 Shields
 + Level 10.7 Unarmed Combat
 + Level 9.8 Spellcasting
 + Level 7.0 Conjurations
 + Level 7.0 Hexes
 + Level 7.0 Summonings
 + Level 7.0 Necromancy
 + Level 7.0 Translocations
 + Level 8.0 Transmutations
 + Level 7.0 Fire Magic
 + Level 7.0 Ice Magic
 + Level 7.0 Air Magic
 + Level 7.0 Earth Magic
 + Level 7.0 Poison Magic
 + Level 9.2 Invocations
 + Level 8.4 Evocations


You had 21 spell levels left.
You knew the following spells:

 Your Spells              Type           Power      Damage    Failure   Level
a - Beastly Appendage     Tmut           88%        N/A       2%          1
b - Wereblood             Tmut           44%        N/A       3%          2
c - Spider Form           Tmut/Pois      42%        N/A       4%          3
d - Ice Form              Ice/Tmut       42%        N/A       11%         4

Your spell library contained the following spells:

 Spells                   Type           Power      Damage    Failure   Level
 Magic Dart               Conj           100%       1d8       3%          1
 Call Imp                 Summ           39%        N/A       3%          2
 Poisonous Vapours        Pois/Air       78%        N/A       3%          2
 Scorch                   Fire           78%        2d8       3%          2
 Gell's Gravitas          Tloc           39%        N/A       5%          3
 Lesser Beckoning         Tloc           39%        N/A       5%          3
 Mephitic Cloud           Conj/Pois/Air  39%        N/A       5%          3
 Teleport Other           Tloc           39%        N/A       5%          3
 Corpse Rot               Necr/Pois/Air  39%        N/A       12%         4
 Flame Wave               Conj/Fire      39%        2d11      12%         4
 Summon Cactus Giant      Summ           19%        N/A       71%         6


Dungeon Overview and Level Annotations

Branches:
Dungeon (11/15)            Temple (1/1) D:4            Lair (0/5) D:10
    Orc (2/2) D:10            Elf (0/3) Orc:2

Altars:
Cheibriados
Dithmenos
Elyvilon
Fedhas
Gozag
Hepliaklqana
Kikubaaqudgha
Makhleb
Okawaru
Sif Muna
Trog
Vehumet
Wu Jian
Xom
Yredelemnul
Zin

Shops:
D:10 [   Orc:1 [   Orc:2 ((

Annotations:
Orc:1 1 runed translucent door, ThatPearl's ghost, journeyman DsBe
Orc:2 1 runed translucent door, hawla's ghost, journeyman MeFE


Innate Abilities, Weirdness & Mutations

You are a venomous arachnid creature.
You have poisonous fangs.
You are tiny and dextrous.
Your spellcasting is less reliable in this form.
Your armour is entirely melded.
You are incapable of wielding weapons or throwing items.
((You have very sharp teeth.))
Your uncanny sense of smell can sniff out nearby items.
Your experience applies equally to all skills.


Message History

Your +0 helmet unmelds from your body.
Your +0 pair of gloves unmelds from your body.
Your +2 pair of boots unmelds from your body.
The +4 robe of Augmentation {Str+4 Int+4 Dex+4} unmelds from your body.
Your +8 arbalest of freezing is covered in frost.
The sentinel's mark upon you fades away.
The orc knight hits you with a +0 broad axe!!
* * * LOW HITPOINT WARNING * * *
The orc sorcerer shouts, "You can't withstand my power!"
An orc warrior comes into view. It is wielding a +0 halberd.
You now have 15/100 hp.
You feel better. The orc knight misses you.
You regained 7 hp, and now have 22/100 hp.
You turn into a venomous arachnid creature.
Your +8 arbalest of freezing melds into your body.
Your +0 helmet melds into your body.
Your +0 pair of gloves melds into your body.
Your +2 pair of boots melds into your body.
The +4 robe of Augmentation {Str+4 Int+4 Dex+4} melds into your body.
Your +8 arbalest of freezing stops glowing.
The orc warrior completely misses you.
The orc sorcerer's eyes start to glow.
You now have 7/26 mp.
You hit the orc knight but do no damage.
The orc knight is poisoned.
The orc knight completely misses you.
You bite the orc knight!
The orc knight looks as sick as possible!
The orc knight no longer looks unusually strong.
The orc warrior completely misses you. You block the orc knight's attack.
You bite the orc knight!
You kill the orc knight!
Cheibriados thoroughly appreciates the change of pace.
The orc warrior completely misses you.
Your Conjurations skill increases to level 7!
Your Hexes skill increases to level 7!
Your Summonings skill increases to level 7!
Your Necromancy skill increases to level 7!
Your Translocations skill increases to level 7!
Your Fire Magic skill increases to level 7!
Your Ice Magic skill increases to level 7!
Your Air Magic skill increases to level 7!
Your Earth Magic skill increases to level 7!
Your Poison Magic skill increases to level 7!
You barely miss the orc sorcerer. The orc warrior closely misses you.
The orc sorcerer casts a spell at you. The bolt of negative energy misses you.
You bite the orc sorcerer!
The orc sorcerer is poisoned.
The orc warrior barely misses you. The orc sorcerer closely misses you.
You hit the orc sorcerer.
The orc sorcerer looks as sick as possible!
You barely miss the orc sorcerer.
You kill the orc sorcerer!
Cheibriados thoroughly appreciates the change of pace.
The orc warrior completely misses you.
You bite the orc wizard!
You kill the orc wizard!
Cheibriados thoroughly appreciates the change of pace.
You block the orc warrior's attack. The orc knight closely misses you.
You block the orc warrior's attack. The orc knight closely misses you.
An orc high priest comes into view. It is wielding a +0 long sword.
The orc knight roars a battlecry!
The orc warrior goes into a battle-frenzy!
The orc warrior completely misses you.
Items here: )) [[.
As you read the scroll of butterflies, it crumbles to dust.
You hear the tinkle of a tiny bell.
The orc warrior completely misses you.
You swap places.
The orc warrior misses your butterfly.
The orc knight roars a battlecry!
The orc warrior misses your butterfly.
Things that are here:
a +0 dagger; a +1 robe of willpower; an orc corpse The orc warrior hits your butterfly with a +0 halberd.
Your butterfly dies!
Your butterfly disappears in a burst of colours!
You swap places.
The orc knight hits your butterfly with a +0 bardiche!!
Your butterfly dies!
Your butterfly disappears in a burst of colours!
The orc knight hits your butterfly with a +0 bardiche!
Your butterfly dies!
Your butterfly disappears in a burst of colours!
Your butterfly is smitten.
Your butterfly dies!
Your butterfly disappears in a burst of colours!
Something barely misses your butterfly. Something hits your butterfly!
Your butterfly dies!
Your butterfly disappears in a burst of colours!
Your butterfly is smitten.
Your butterfly dies!
Your butterfly disappears in a burst of colours!
The orc knight roars a battlecry!
The orc knight misses you. The orc knight closely misses you.
You warp the flow of time around you!
You now have 10/26 mp.
The flow of time bends around you.
Cheibriados rebukes the orc knight.
The orc knight seems to slow down.
Cheibriados lowers the support of your attributes as your movement quickens.
The orc knight hits you with a +0 bardiche!!
You die...

##........#.............
###.#..................
##..##.....#############
#..........#
##......#..# #....##^..#
#....#....# .
##..#..o#.###.
#....s#..##..
##.#.#...##.#
######..##.# ##..###.#
#....##.#####..
##.............
#...##.#####.. ##.###.#
### #o#


You could see an orc knight (slow).

Vanquished Creatures
  Azrael (Orc:2)
  Harold (D:10)
  A boulder beetle (D:9)
  Erolcha (Orc:1)
  A two-headed ogre (D:10)
  2 orc high priests (Orc:2)
  Nergalle (Orc:1)
  The ghost of FakeRyeBread the Basher, a novice GrFi of Okawaru (D:7)
  Pikel (D:4)
  3 orc knights (Orc:2)
  A cyclops (Orc:1)
  5 orc sorcerers (Orc:2)
  A troll (D:9)
  Grinder (D:6)
  4 fire elementals (Orc:2)
  18 yaks
  Eustachio (D:4)
  3 steam dragons
  6 wargs
  Menkaure (D:4)
  3 hell hounds (Orc:2)
  A water moccasin (D:7)
  14 orc warriors
  An ice beast (D:5)
  A black bear (D:5)
  A sky beast (D:7)
  4 ogres
  2 centaurs (D:7)
  8 kobold brigands
  A lemure (D:4)
  A necrophage (D:5)
  2 bullfrogs (D:8)
  3 scorpions
  7 wights
  7 howler monkeys
  2 jellies
  3 hounds
  2 gnoll boudas
  12 orc priests
  2 iguanas
  Natasha (twice) (D:3)
  17 orc wizards
  7 adders
  15 gnolls
  A shadow imp (D:7)
  2 ufetubi (D:5)
  2 worms
  2 dart slugs (D:1)
  59 orcs
  7 ball pythons
  9 bats
  8 endoplasms
  3 giant cockroaches
  3 goblins
  4 hobgoblins
  4 jackals (D:5)
  46 kobolds
  7 quokkas
  4 frilled lizards
  5 rats
338 creatures vanquished.

Vanquished Creatures (others)
  5 plants
5 creatures vanquished.

Grand Total: 343 creatures vanquished

Notes
Turn   | Place    | Note
-------+----------+-------------------------------------------
     0 | D:1      | OTABOTABOTAB the Gnoll Transmuter began the quest for the
                  | Orb.
     0 | D:1      | Reached XP level 1. HP: 17/17 MP: 6/6
   498 | D:1      | Reached XP level 2. HP: 17/23 MP: 7/7
  1186 | D:1      | Reached skill level 5 in Spellcasting
  1186 | D:1      | Reached XP level 3. HP: 13/28 MP: 6/9
  1188 | D:1      | Reached skill level 1 in Invocations
  1483 | D:1      | Learned a level 2 spell: Wereblood
  1487 | D:1      | Learned a level 3 spell: Spider Form
  1487 | D:1      | Identified 3 scrolls of acquirement
  1487 | D:1      | Acquired a +6 arbalest of freezing
  1490 | D:1      | Acquired the amulet of Keobecso {Reflect rPois Slay+3 SH+5
                  | SInv Stlth-}
  1502 | D:1      | Acquired 669 gold pieces
  1536 | D:2      | Reached skill level 1 in Short Blades
  1536 | D:2      | Reached skill level 1 in Long Blades
  1536 | D:2      | Reached skill level 1 in Axes
  1536 | D:2      | Reached skill level 1 in Maces & Flails
  1536 | D:2      | Reached skill level 1 in Polearms
  1536 | D:2      | Reached skill level 1 in Staves
  1536 | D:2      | Reached skill level 1 in Ranged Weapons
  1536 | D:2      | Reached skill level 1 in Throwing
  1536 | D:2      | Reached skill level 1 in Armour
  1536 | D:2      | Reached skill level 1 in Stealth
  1536 | D:2      | Reached skill level 1 in Shields
  1536 | D:2      | Reached skill level 1 in Evocations
  1543 | D:2      | Found a faded altar of an unknown god.
  1743 | D:2      | Reached XP level 4. HP: 34/34 MP: 11/11
  2168 | D:3      | Reached skill level 1 in Conjurations
  2168 | D:3      | Reached skill level 1 in Hexes
  2168 | D:3      | Reached skill level 1 in Summonings
  2168 | D:3      | Reached skill level 1 in Necromancy
  2168 | D:3      | Reached skill level 1 in Translocations
  2168 | D:3      | Reached skill level 1 in Fire Magic
  2168 | D:3      | Reached skill level 1 in Ice Magic
  2168 | D:3      | Reached skill level 1 in Air Magic
  2168 | D:3      | Reached skill level 1 in Earth Magic
  2168 | D:3      | Reached skill level 1 in Poison Magic
  2288 | D:3      | Reached XP level 5. HP: 40/40 MP: 12/12
  2433 | D:3      | Noticed Natasha
  2435 | D:3      | Killed Natasha
  2436 | D:3      | Reached skill level 3 in Fighting
  2436 | D:3      | Reached skill level 4 in Transmutations
  2465 | D:3      | Found the +4 robe of Augmentation {Str+4 Int+4 Dex+4}
  2655 | D:3      | Noticed Natasha
  2657 | D:3      | Killed Natasha
  3130 | D:4      | Reached skill level 2 in Invocations
  3130 | D:4      | Reached XP level 6. HP: 47/47 MP: 13/13
  3141 | D:4      | Reached skill level 5 in Dodging
  3197 | D:4      | Noticed Eustachio
  3228 | D:4      | Killed Eustachio
  3229 | D:4      | Reached skill level 2 in Short Blades
  3229 | D:4      | Reached skill level 2 in Long Blades
  3229 | D:4      | Reached skill level 2 in Axes
  3229 | D:4      | Reached skill level 2 in Maces & Flails
  3229 | D:4      | Reached skill level 2 in Polearms
  3229 | D:4      | Reached skill level 2 in Staves
  3229 | D:4      | Reached skill level 2 in Ranged Weapons
  3229 | D:4      | Reached skill level 2 in Throwing
  3229 | D:4      | Reached skill level 2 in Armour
  3229 | D:4      | Reached skill level 2 in Stealth
  3229 | D:4      | Reached skill level 2 in Shields
  3229 | D:4      | Reached skill level 2 in Evocations
  3517 | D:4      | Noticed Pikel
  3535 | D:4      | Killed Pikel
  3536 | D:4      | Reached skill level 4 in Fighting
  3536 | D:4      | Reached skill level 3 in Short Blades
  3536 | D:4      | Reached skill level 3 in Long Blades
  3536 | D:4      | Reached skill level 3 in Axes
  3536 | D:4      | Reached skill level 3 in Maces & Flails
  3536 | D:4      | Reached skill level 3 in Polearms
  3536 | D:4      | Reached skill level 3 in Staves
  3536 | D:4      | Reached skill level 3 in Ranged Weapons
  3536 | D:4      | Reached skill level 3 in Throwing
  3536 | D:4      | Reached skill level 3 in Armour
  3536 | D:4      | Reached skill level 3 in Stealth
  3536 | D:4      | Reached skill level 3 in Shields
  3536 | D:4      | Reached skill level 7 in Unarmed Combat
  3536 | D:4      | Reached skill level 2 in Conjurations
  3536 | D:4      | Reached skill level 2 in Hexes
  3536 | D:4      | Reached skill level 2 in Summonings
  3536 | D:4      | Reached skill level 2 in Necromancy
  3536 | D:4      | Reached skill level 2 in Translocations
  3536 | D:4      | Reached skill level 2 in Fire Magic
  3536 | D:4      | Reached skill level 2 in Ice Magic
  3536 | D:4      | Reached skill level 2 in Air Magic
  3536 | D:4      | Reached skill level 2 in Earth Magic
  3536 | D:4      | Reached skill level 2 in Poison Magic
  3536 | D:4      | Reached skill level 3 in Invocations
  3536 | D:4      | Reached skill level 3 in Evocations
  3536 | D:4      | Reached XP level 7. HP: 45/54 MP: 12/15
  3536 | D:4      | Reached XP level 8. HP: 50/60 MP: 12/16
  3568 | D:4      | Noticed Menkaure
  3571 | D:4      | Killed Menkaure
  3572 | D:4      | Reached skill level 6 in Spellcasting
  3723 | D:4      | Found a staircase to the Ecumenical Temple.
  3732 | Temple   | Entered the Ecumenical Temple
  3777 | Temple   | Became a worshipper of Cheibriados the Contemplative
  3944 | D:5      | Entered Level 5 of the Dungeon
  4152 | D:5      | Found an ancient bone altar of Kikubaaqudgha.
  4200 | D:5      | Reached skill level 4 in Invocations
  4216 | D:5      | Reached skill level 3 in Conjurations
  4216 | D:5      | Reached skill level 3 in Hexes
  4216 | D:5      | Reached skill level 3 in Summonings
  4216 | D:5      | Reached skill level 3 in Necromancy
  4216 | D:5      | Reached skill level 3 in Translocations
  4216 | D:5      | Reached skill level 3 in Fire Magic
  4216 | D:5      | Reached skill level 3 in Ice Magic
  4216 | D:5      | Reached skill level 3 in Air Magic
  4216 | D:5      | Reached skill level 3 in Earth Magic
  4216 | D:5      | Reached skill level 3 in Poison Magic
  4220 | D:5      | Reached * piety under Cheibriados
  4404 | D:5      | Reached skill level 6 in Dodging
  4432 | D:5      | Reached skill level 5 in Transmutations
  4559 | D:5      | Learned a level 4 spell: Ice Form
  4757 | D:5      | Reached XP level 9. HP: 66/66 MP: 18/18
  4855 | D:6      | Noticed Grinder
  4863 | D:6      | Killed Grinder
  4864 | D:6      | Reached skill level 4 in Short Blades
  4864 | D:6      | Reached skill level 4 in Long Blades
  4864 | D:6      | Reached skill level 4 in Axes
  4864 | D:6      | Reached skill level 4 in Maces & Flails
  4864 | D:6      | Reached skill level 4 in Polearms
  4864 | D:6      | Reached skill level 4 in Staves
  4864 | D:6      | Reached skill level 4 in Ranged Weapons
  4864 | D:6      | Reached skill level 4 in Throwing
  4864 | D:6      | Reached skill level 4 in Armour
  4864 | D:6      | Reached skill level 4 in Stealth
  4864 | D:6      | Reached skill level 4 in Shields
  4864 | D:6      | Reached skill level 4 in Evocations
  4899 | D:6      | Reached ** piety under Cheibriados
  4902 | D:6      | Reached skill level 5 in Fighting
  4959 | D:6      | Acquired 639 gold pieces
  5396 | D:7      | Reached skill level 8 in Unarmed Combat
  5486 | D:7      | Reached skill level 5 in Invocations
  5589 | D:7      | Reached skill level 7 in Spellcasting
  5734 | D:7      | Found a runed translucent gate.
  5736 | D:7      | Found a runed translucent gate.
  5737 | D:7      | Found a runed translucent gate.
  5738 | D:7      | Found an opulent altar of Gozag.
  5738 | D:7      | Noticed FakeRyeBread's ghost (novice GrFi)
  6082 | D:7      | Reached skill level 4 in Conjurations
  6082 | D:7      | Reached skill level 4 in Hexes
  6082 | D:7      | Reached skill level 4 in Summonings
  6082 | D:7      | Reached skill level 4 in Necromancy
  6082 | D:7      | Reached skill level 4 in Translocations
  6082 | D:7      | Reached skill level 4 in Fire Magic
  6082 | D:7      | Reached skill level 4 in Ice Magic
  6082 | D:7      | Reached skill level 4 in Air Magic
  6082 | D:7      | Reached skill level 4 in Earth Magic
  6082 | D:7      | Reached skill level 4 in Poison Magic
  6089 | D:7      | Killed FakeRyeBread's ghost
  6089 | D:7      | Reached *** piety under Cheibriados
  6090 | D:7      | Reached skill level 5 in Short Blades
  6090 | D:7      | Reached skill level 5 in Long Blades
  6090 | D:7      | Reached skill level 5 in Axes
  6090 | D:7      | Reached skill level 5 in Maces & Flails
  6090 | D:7      | Reached skill level 5 in Polearms
  6090 | D:7      | Reached skill level 5 in Staves
  6090 | D:7      | Reached skill level 5 in Ranged Weapons
  6090 | D:7      | Reached skill level 5 in Throwing
  6090 | D:7      | Reached skill level 5 in Armour
  6090 | D:7      | Reached skill level 5 in Stealth
  6090 | D:7      | Reached skill level 5 in Shields
  6090 | D:7      | Reached skill level 5 in Evocations
  6090 | D:7      | Reached XP level 10. HP: 35/76 MP: 20/20
  6096 | D:7      | HP: 19/76 [centaur/arrow (11)]
  6096 | D:7      | HP: 9/76 [centaur/arrow (10)]
  6099 | D:7      | Reached skill level 7 in Dodging
  6872 | D:8      | Reached skill level 6 in Fighting
  7174 | D:8      | Found a white marble altar of Elyvilon.
  7257 | D:8      | Reached skill level 6 in Transmutations
  7257 | D:8      | Reached skill level 6 in Invocations
  7487 | D:8      | Found an ornate altar of the Wu Jian Council.
  7487 | D:8      | Found a shadowy altar of Dithmenos.
  7492 | D:8      | Found a blossoming altar of Fedhas.
  7649 | D:9      | Reached **** piety under Cheibriados
  7843 | D:9      | Noticed a boulder beetle
  7852 | D:9      | Killed a boulder beetle
  8143 | D:9      | Reached skill level 6 in Short Blades
  8143 | D:9      | Reached skill level 6 in Long Blades
  8143 | D:9      | Reached skill level 6 in Axes
  8143 | D:9      | Reached skill level 6 in Maces & Flails
  8143 | D:9      | Reached skill level 6 in Polearms
  8143 | D:9      | Reached skill level 6 in Staves
  8143 | D:9      | Reached skill level 6 in Ranged Weapons
  8143 | D:9      | Reached skill level 6 in Throwing
  8143 | D:9      | Reached skill level 6 in Armour
  8143 | D:9      | Reached skill level 6 in Stealth
  8143 | D:9      | Reached skill level 6 in Shields
  8143 | D:9      | Reached skill level 9 in Unarmed Combat
  8143 | D:9      | Reached skill level 6 in Evocations
  8144 | D:9      | Reached skill level 5 in Conjurations
  8144 | D:9      | Reached skill level 5 in Hexes
  8144 | D:9      | Reached skill level 5 in Summonings
  8144 | D:9      | Reached skill level 5 in Necromancy
  8144 | D:9      | Reached skill level 5 in Translocations
  8144 | D:9      | Reached skill level 5 in Fire Magic
  8144 | D:9      | Reached skill level 5 in Ice Magic
  8144 | D:9      | Reached skill level 5 in Air Magic
  8144 | D:9      | Reached skill level 5 in Earth Magic
  8144 | D:9      | Reached skill level 5 in Poison Magic
  8150 | D:9      | Reached XP level 11. HP: 65/83 MP: 20/22
  8387 | D:10     | Entered Level 10 of the Dungeon
  8388 | D:10     | Reached ***** piety under Cheibriados
  8390 | D:10     | Reached skill level 8 in Spellcasting
  8529 | D:10     | Found Wacaff's Armour Shop.
  8532 | D:10     | Found a staircase to the Orcish Mines.
  8560 | D:10     | Found a radiant altar of Vehumet.
  8697 | D:10     | Reached skill level 7 in Invocations
  8697 | D:10     | Found a staircase to the Lair.
  8709 | D:10     | Reached skill level 7 in Fighting
  8709 | D:10     | Reached skill level 8 in Dodging
  9160 | D:11     | Noticed a cyclops
  9227 | Orc:1    | Entered Level 1 of the Orcish Mines
  9227 | Orc:1    | Noticed Nergalle
  9228 | Orc:1    | Noticed Harold
  9231 | Orc:1    | Noticed a two-headed ogre
  9238 | D:10     | Killed Harold
  9247 | D:10     | Killed a two-headed ogre
  9256 | Orc:1    | Killed Nergalle
  9401 | Orc:1    | Noticed a cyclops
  9404 | Orc:1    | Killed a cyclops
  9519 | Orc:1    | Noticed Erolcha
  9522 | Orc:1    | Killed Erolcha
  9523 | Orc:1    | Reached skill level 7 in Transmutations
  9533 | Orc:1    | Found a runed translucent door.
  9534 | Orc:1    | Found a shimmering altar of Xom.
  9534 | Orc:1    | Noticed ThatPearl's ghost (journeyman DsBe)
  9535 | Orc:1    | Noticed a +1 war axe of chaos
  9557 | Orc:1    | Reached skill level 7 in Short Blades
  9557 | Orc:1    | Reached skill level 7 in Long Blades
  9557 | Orc:1    | Reached skill level 7 in Axes
  9557 | Orc:1    | Reached skill level 7 in Maces & Flails
  9557 | Orc:1    | Reached skill level 7 in Polearms
  9557 | Orc:1    | Reached skill level 7 in Staves
  9557 | Orc:1    | Reached skill level 7 in Ranged Weapons
  9557 | Orc:1    | Reached skill level 7 in Throwing
  9557 | Orc:1    | Reached skill level 7 in Armour
  9557 | Orc:1    | Reached skill level 7 in Stealth
  9557 | Orc:1    | Reached skill level 7 in Shields
  9557 | Orc:1    | Reached skill level 7 in Evocations
  9599 | Orc:1    | Found Uthrozu's Antique Armour Shop.
  9606 | Orc:1    | You fall into a shaft and drop 1 floor!
  9606 | Orc:2    | Entered Level 2 of the Orcish Mines
  9944 | Orc:2    | Noticed an orc sorcerer
  9948 | Orc:2    | Reached XP level 12. HP: 91/91 MP: 24/24
  9948 | Orc:2    | Reached ****** piety under Cheibriados
  9962 | Orc:2    | Reached skill level 6 in Conjurations
  9962 | Orc:2    | Reached skill level 6 in Hexes
  9962 | Orc:2    | Reached skill level 6 in Summonings
  9962 | Orc:2    | Reached skill level 6 in Necromancy
  9962 | Orc:2    | Reached skill level 6 in Translocations
  9962 | Orc:2    | Reached skill level 6 in Fire Magic
  9962 | Orc:2    | Reached skill level 6 in Ice Magic
  9962 | Orc:2    | Reached skill level 6 in Air Magic
  9962 | Orc:2    | Reached skill level 6 in Earth Magic
  9962 | Orc:2    | Reached skill level 6 in Poison Magic
  9976 | Orc:2    | Noticed Azrael
  9978 | Orc:2    | HP: 6/92 [Azrael/damnation (40)]
 10349 | Orc:2    | Reached skill level 8 in Fighting
 10349 | Orc:2    | Reached skill level 9 in Dodging
 10349 | Orc:2    | Reached skill level 10 in Unarmed Combat
 10349 | Orc:2    | Reached skill level 9 in Spellcasting
 10349 | Orc:2    | Reached skill level 8 in Invocations
 10349 | Orc:2    | Reached XP level 13. HP: 99/99 MP: 24/26
 10369 | Orc:2    | Found Otoewk's Weapon Boutique.
 10430 | Orc:2    | Killed Azrael
 10431 | Orc:2    | Reached skill level 8 in Short Blades
 10431 | Orc:2    | Reached skill level 8 in Long Blades
 10431 | Orc:2    | Reached skill level 8 in Axes
 10431 | Orc:2    | Reached skill level 8 in Maces & Flails
 10431 | Orc:2    | Reached skill level 8 in Polearms
 10431 | Orc:2    | Reached skill level 8 in Staves
 10431 | Orc:2    | Reached skill level 8 in Ranged Weapons
 10431 | Orc:2    | Reached skill level 8 in Throwing
 10431 | Orc:2    | Reached skill level 8 in Armour
 10431 | Orc:2    | Reached skill level 8 in Stealth
 10431 | Orc:2    | Reached skill level 8 in Shields
 10431 | Orc:2    | Reached skill level 8 in Evocations
 10648 | Orc:2    | Noticed hawla's ghost (journeyman MeFE)
 10651 | Orc:2    | Found a runed translucent door.
 10760 | Orc:2    | Found a staircase to the Elven Halls.
 10890 | Orc:2    | Found Uxkumuis's Antique Weapon Boutique.
 10894 | Orc:2    | Reached skill level 9 in Invocations
 10899 | Orc:2    | HP: 11/118 [orc knight/+0 battleaxe of freezing (27)]
 10899 | Orc:2    | HP: 3/118 [orc high priest/divine providence (8)]
 10905 | Orc:2    | Reached skill level 8 in Transmutations
 10907 | Orc:2    | HP: 15/100 [orc knight/+0 broad axe (20)]
 10913 | Orc:2    | Reached skill level 7 in Conjurations
 10913 | Orc:2    | Reached skill level 7 in Hexes
 10913 | Orc:2    | Reached skill level 7 in Summonings
 10913 | Orc:2    | Reached skill level 7 in Necromancy
 10913 | Orc:2    | Reached skill level 7 in Translocations
 10913 | Orc:2    | Reached skill level 7 in Fire Magic
 10913 | Orc:2    | Reached skill level 7 in Ice Magic
 10913 | Orc:2    | Reached skill level 7 in Air Magic
 10913 | Orc:2    | Reached skill level 7 in Earth Magic
 10913 | Orc:2    | Reached skill level 7 in Poison Magic
 10935 | Orc:2    | Slain by an orc knight

Illustrated notes

Levels and vault maps discovered:
D:1:      giann_bridges, layout_basic
D:2:      layout_loops_cross, ebering_ecumenical_altar_hall
D:3:      layout_basic, uniq_natasha
D:4:      layout_loops_ring, lemuel_temple_firewalk_a, uniq_pikel,
          uniq_eustachio, uniq_menkaure
D:5:      layout_cave_pods, kennysheep_mini_moat
D:6:      layout_basic, serial_bayou_crossing, uniq_grinder
D:7:      layout_cave_pools, ebering_ghost_gozag, grunt_ministairs_3
D:8:      layout_basic, minitemple
D:9:      layout_long_grid
D:10:     layout_loops_cross, mainiacjoe_overflow_brackets,
          erik_lair_orcish_takeover, orc_david_3
D:11:     layout_long_grid, serial_glass, glass_columns_b, glass_columns_a,
          glass_columns_b, glass_columns_b, glass_columns_a, glass_columns_b,
          glass_columns_c, glass_columns_a, gammafunk_ghost_smash,
          chequers_guarded_unrand_ignorance
Temple:   eino_temple_scatter_basement
Orc:1:    layout_caves, ebering_ghost_xom, serial_shops, nicolae_square_shop,
          uniq_harold, uniq_nergalle, uniq_erolcha
Orc:2:    st_orc_elflike, layout_caves, hellmonk_ghost_happy_afterlife,
          serial_shops, shop, special_room, uniq_azrael

Skill      XL: |  1  2  3  4  5  6  7  8  9 10 11 12 13 |
---------------+----------------------------------------+-----
Spellcasting   | 5 6 7 8 9 |  9.8
Invocations    | 1 2 3 4 5 6 7 8 9 |  9.2
Short Blades   | 1 3 5 6 7 8 |  8.4
Long Blades    | 1 3 5 6 7 8 |  8.4
Axes           | 1 3 5 6 7 8 |  8.4
Maces & Flails | 1 3 5 6 7 8 |  8.4
Polearms       | 1 3 5 6 7 8 |  8.4
Staves         | 1 3 5 6 7 8 |  8.4
Ranged Weapons | 1 3 5 6 7 8 |  8.4
Throwing       | 1 3 5 6 7 8 |  8.4
Armour         | 1 3 5 6 7 8 |  8.4
Stealth        | 1 3 5 6 7 8 |  8.4
Shields        | 1 3 5 6 7 8 |  8.4
Evocations     | 1 3 5 6 7 8 |  8.4
Conjurations   | 1 2 3 4 5 6 7 |  7.0
Hexes          | 1 2 3 4 5 6 7 |  7.0
Summonings     | 1 2 3 4 5 6 7 |  7.0
Necromancy     | 1 2 3 4 5 6 7 |  7.0
Translocations | 1 2 3 4 5 6 7 |  7.0
Fire Magic     | 1 2 3 4 5 6 7 |  7.0
Ice Magic      | 1 2 3 4 5 6 7 |  7.0
Air Magic      | 1 2 3 4 5 6 7 |  7.0
Earth Magic    | 1 2 3 4 5 6 7 |  7.0
Poison Magic   | 1 2 3 4 5 6 7 |  7.0
Fighting       | 3 4 5 6 7 8 |  8.8
Transmutations | 4 5 6 7 8 |  8.0
Dodging        | 5 6 7 8 9 |  9.6
Unarmed Combat | 7 8 9 10 | 10.7

Action                   |  1- 3 |  4- 6 |  7- 9 | 10-12 | 13-15 || total
-------------------------+-------+-------+-------+-------+-------++-------
Melee: Unarmed           |    29 |    13 |       |    71 |    46 ||   159
       Staff             |    28 |       |       |       |       ||    28
       Kick              |     5 |       |       |       |       ||     5
       Bite              |     5 |       |       |       |       ||     5
       Punch             |     3 |       |       |       |       ||     3
       Headbutt          |     2 |       |       |       |       ||     2
 Fire: Arbalest          |    12 |   105 |   170 |   253 |    28 ||   568
Throw: Stone             |     2 |       |       |       |       ||     2
 Cast: Beastly Appendage |     8 |       |       |       |       ||     8
       Spider Form       |       |     1 |       |     2 |     3 ||     6
       Ice Form          |       |       |       |     2 |     1 ||     3
       Wereblood         |       |       |       |     2 |     1 ||     3
Invok: Step From Time    |       |       |       |     2 |       ||     2
       Slouch            |       |       |       |       |     5 ||     5
       Bend Time         |       |       |       |       |     3 ||     3
       Temporal Distorti |       |       |       |       |     1 ||     1
 Abil: End Transformatio |     3 |       |     1 |     4 |     2 ||    10
  Use: Scroll            |     3 |       |     1 |    25 |     2 ||    31
       Potion            |       |       |       |     2 |     5 ||     7
 Stab: Sleeping          |     2 |       |       |       |       ||     2
Armor: Robe              |    10 |    26 |    27 |    19 |     3 ||    85
       Skin              |       |       |       |       |     3 ||     3
Dodge: Dodged            |    38 |    82 |    69 |   136 |    61 ||   386
Block: Other             |     2 |    31 |    27 |    33 |    10 ||   103
       Reflection        |       |       |       |     3 |       ||     3

Table legend: (Time is in decaauts)
 A = Elapsed time spent in this place.
 B = Non-inter-level travel time spent in this place.
 C = Inter-level travel time spent in this place.
 D = Time resting spent in this place.
 E = Time spent auto-exploring this place.
 F = Levels seen in this place.
 G = Mean time per level.
                   A        B        C        D        E       F      G
               +--------+--------+--------+--------+--------+-----+--------+
         Total |  14234 |  13650 |    584 |   1231 |  10311 |  14 | 1016.7 |
       Dungeon |  11868 |  11335 |    533 |    702 |   9095 |  11 | 1078.9 |
        Temple |     86 |     57 |     29 |      0 |     34 |   1 |   86.0 |
  Orcish Mines |   2279 |   2257 |     22 |    529 |   1182 |   2 | 1139.5 |
               +--------+--------+--------+--------+--------+-----+--------+

Top non-repeatable levels by time:
     D:7: 1609 daAuts
    D:10: 1533 daAuts
     D:1: 1520 daAuts
   Orc:2: 1425 daAuts
     D:8: 1380 daAuts
     D:9: 1314 daAuts
     D:5: 1251 daAuts
     D:4: 931 daAuts
     D:3: 892 daAuts
   Orc:1: 854 daAuts
     D:6: 776 daAuts
     D:2: 657 daAuts
  Temple: 86 daAuts
    D:11: 1 daAuts

Table legend:
 A = Kills in this place as a percentage of kills in entire the game.
 B = Kills by you in this place as a percentage of kills by you in the entire game.
 C = Kills by friends in this place as a percentage of kills by friends in the entire game.
 D = Other kills in this place as a percentage of other kills in the entire game.
 E = Experience gained in this place as a percentage of experience gained in the entire game.
 F = Experience gained in this place divided by the number of levels of this place that you have seen.
                   A       B       C       D       E      F
               +-------+-------+-------+-------+-------+----------------------
         Total | 100.0 | 100.0 |   N/A |   N/A | 100.0 | 1996.7
       Dungeon |  81.3 |  81.3 |   N/A |   N/A |  53.4 | 1358.0
  Orcish Mines |  18.7 |  18.7 |   N/A |   N/A |  46.6 | 6508.0
               +-------+-------+-------+-------+-------+----------------------
